cohdb
Replays
Latest Replays
All Replays
Popular Replays
Top Player Replays
Match Explorer
How It Works
Community
CoH3 Stats
Reddit
Sign in to upload your games and track your stats! →
Sign in with Steam
Match 41520306
Unlisted
Match 41520306
Overview
Messages
Build Orders
End
Pioneer Squad
Construct Infanterie Kompanie
Grenadier Squad
Grenadier Squad
MG 42 Machine Gun Team
Construct Panzergrenadier Kompanie
251 Medium Carrier
Panzergrenadier Squad
Panzergrenadier Officer Quarters
Selects Terror Battlegroup
Selects Machine Gun Camouflage
Pak 40 Anti-tank Gun Team
Selects Defend the Fatherland
Medical Bunker
Support Elements
StuG III G Assault Gun
Panzergrenadier Squad
Pickelhaube Enthusiast
Null
0
0
Comments
sign in to comment!
No comments posted yet!